Map: Prion Terraces

Players

Tamma - Winner!

  • Race: Zerg Zerg
  • League: Platinum

LilDicky

  • Race: Terran Terran
  • League: Platinum

VOD

http://www.twitch.tv/tumescentpie

Description

Time

  • Played on: Nov. 21, 2015, 8:19 p.m.
  • Length: 9:50
Show
View Real Time Build Order
Export as new Build Order

Tamma Zerg - Winner!

Build Orders: Hatch First, Muta Ling Bane 

Get SALT Encoding   

  12  0:01  Drone  
  13  0:09  Drone  
  14  0:15  Extractor  
  14  0:16  Drone  
  15  0:38  Hatchery  
  14  0:45  Drone, Extractor  
  15  0:58  Overlord  
  15  1:07  Spawning Pool  
  14  1:17  Drone x3  
  17  1:40  Hatchery  
  16  1:48  Drone  
  18  1:54  Zergling x4  
  18  1:55  Drone  
  18  2:01  Queen  
  22  2:05  Drone  
  23  2:20  Overlord  
  23  2:21  Queen  
  25  2:26  Extractor  
  25  2:28  Drone x2  
  26  2:30  Drone  
  26  2:33  Drone  
  28  2:49  Drone x4  
  30  3:07  Queen  
  32  3:13  Drone x2  
  32  3:14  Drone x5  
  32  3:15  Drone  
  40  3:26  Drone x2  
  42  3:28  Overlord x2  
  42  3:37  Metabolic Boost  
  42  3:46  Queen  
  44  3:54  Zergling x20  
  50  4:13  Drone  
  50  4:14  Drone x7  
  58  4:19  Overlord x2  
  58  4:31  Lair  
  58  4:32  Extractor  
  58  4:36  Drone  
  58  4:37  Overlord x2  
  58  4:47  Drone  
  58  4:48  Drone x5  
  58  4:49  Overlord  
  62  5:00  Drone x3  
  62  5:02  Drone x5  
  62  5:05  Extractor x2  
  67  5:09  Queen  
  69  5:15  Hatchery  
  68  5:23  Drone x4  
  68  5:24  Drone x2  
  74  5:32  Baneling Nest  
  74  5:33  Roach Warren  
  72  5:35  Evolution Chamber  
  72  5:38  Spire  
  72  5:39  Drone x6  
  76  5:44  Extractor  
  76  5:45  Drone x6, Extractor  
  80  5:50  Zergling x4  
  81  6:05  Zergling x12  
  81  6:11  Overlord x5  
  87  6:16  Centrifical Hooks  
  87  6:18  Zergling x8  
  90  6:24  Queen  
  93  6:26  Zergling x6  
  93  6:28  Overlord, Queen  
  93  6:32  Pneumatized Carapace  
  98  6:38  Zerg Ground Armor Level 1  
  96  6:49  Baneling x6  
  96  6:51  Mutalisk x6  
  96  6:53  Zergling x8  
  96  6:54  Zergling x6  
  112  7:11  Zergling x16  
  112  7:12  Zergling x6  
  118  7:18  Mutalisk x4  
  126  7:24  Baneling x4  
  126  7:28  Spore Crawler  
  126  7:29  Spore Crawler  
  124  7:39  Hatchery  
  124  7:42  Mutalisk x2  
  124  7:43  Roach x2  
  131  7:45  Hatchery  
  130  7:53  Evolution Chamber  
  129  8:00  Zergling x12  
  129  8:01  Zergling x24  
  129  8:03  Baneling  
  129  8:04  Baneling x10  
  147  8:20  Mutalisk x2, Infestation Pit  
  150  8:35  Baneling x2  
  150  8:36  Baneling x12  
  150  8:48  Zergling x2  
  141  8:58  Zergling x2  
  141  8:59  Zergling x34  
  141  9:00  Zergling x8  
  162  9:09  Drone  
  148  9:20  Mutalisk x5, Zergling x2  
Show
View Real Time Build Order
Export as new Build Order

LilDicky Terran 

Build Orders: Command Center First (CC), MMM Bio 

Get SALT Encoding   

  12  0:02  SCV  
  13  0:14  SCV  
  13  0:20  Supply Depot  
  14  0:28  SCV  
  15  0:42  SCV  
  16  0:54  SCV  
  17  1:01  Command Center  
  17  1:06  SCV  
  18  1:14  Barracks  
  18  1:18  SCV  
  19  1:30  SCV  
  20  1:44  SCV  
  21  1:57  SCV  
  22  2:03  Marine  
  23  2:10  Bunker  
  23  2:12  Orbital Command  
  23  2:18  Orbital Command  
  23  2:21  Command Center  
  23  2:23  Marine  
  24  2:41  Marine  
  24  2:59  Marine  
  24  3:09  SCV  
  25  3:16  SCV  
  25  3:17  Marine  
  25  3:18  Command Center  
  27  3:22  SCV  
  27  3:26  Supply Depot  
  27  3:30  Barracks  
  27  3:31  SCV, Barracks  
  28  3:37  Marine  
  28  3:41  Orbital Command  
  28  3:55  Marine  
  28  3:58  Orbital Command  
  29  4:09  SCV  
  30  4:10  SCV  
  30  4:13  Marine  
  29  4:21  SCV, Barracks, Marine x2  
  29  4:22  SCV, Barracks  
  33  4:24  SCV  
  33  4:27  Refinery  
  33  4:29  Refinery  
  33  4:31  Orbital Command, Marine  
  34  4:34  SCV  
  34  4:36  Bunker  
  36  4:39  Marine x2  
  38  4:49  Marine  
  37  4:57  Marine  
  37  5:00  SCV  
  37  5:01  Bunker, Marine  
  37  5:04  SCV x2  
  37  5:07  Marine  
  41  5:10  Supply Depot, Marine x2  
  41  5:12  Supply Depot  
  41  5:14  SCV x2, Supply Depot  
  46  5:21  Barracks Reactor  
  47  5:23  SCV  
  47  5:26  Marine  
  48  5:29  Barracks  
  48  5:30  Barracks  
  48  5:32  SCV  
  48  5:33  SCV x2  
  51  5:35  Marine  
  51  5:38  SCV  
  53  5:43  Supply Depot  
  53  5:45  SCV x3  
  53  5:48  Marine  
  53  5:49  Barracks Tech Lab  
  57  5:50  SCV  
  57  5:51  Barracks Tech Lab  
  59  5:59  Marine x2  
  61  6:05  Supply Depot, SCV  
  61  6:06  Marine  
  61  6:08  Barracks Reactor  
  61  6:09  SCV x3  
  65  6:17  Marine  
  66  6:19  Refinery x2, Marine  
  66  6:20  Supply Depot, Barracks Reactor x2  
  66  6:24  Stimpack, Barracks  
  66  6:25  Marine x2  
  69  6:27  Barracks  
  69  6:28  Marine  
  70  6:34  Command Center  
  70  6:35  SCV, Marine  
  70  6:36  SCV, Marine  
  74  6:42  Marine  
  74  6:43  Marine  
  74  6:45  Marine  
  77  6:51  Supply Depot  
  77  6:52  SCV x3  
  80  6:58  Marine x4  
  80  7:00  Combat Shields  
  84  7:06  Factory  
  84  7:08  Marine x3  
  87  7:09  Engineering Bay x2  
  87  7:12  Marine x2  
  87  7:14  Marine x2  
  66  7:18  Marine x2  
  68  7:26  SCV  
  68  7:27  Supply Depot, Marine x3  
  68  7:28  Refinery  
  68  7:29  Barracks Reactor  
  72  7:30  Barracks Reactor  
  72  7:31  Barracks  
  72  7:34  Barracks  
  72  7:36  Marine x5  
  72  7:37  Marine x3  
  76  7:39  Terran Infantry Weapons Level 1, Terran Infantry Armor Level 1  
  76  7:41  SCV x2  
  82  7:45  Marine  
  83  7:52  Marine x2  
  83  7:55  Marauder  
  83  7:58  Supply Depot  
  87  7:59  SCV x2  
  87  8:04  Missile Turret, Marine x5  
  96  8:06  Marauder  
  96  8:09  Factory Reactor  
  96  8:11  Armory  
  96  8:13  Marine x2  
  96  8:15  Supply Depot  
  96  8:16  Starport, Marauder  
  99  8:22  Missile Turret  
  100  8:27  Missile Turret x2, Marauder  
  100  8:28  Missile Turret x2  
  100  8:31  Missile Turret  
  100  8:33  Missile Turret  
  100  8:43  Planetary Fortress  
  100  8:50  Marine x3  
  100  8:51  Marauder  
  100  8:52  Missile Turret  
  100  8:53  Marine  
  100  8:55  Barracks Tech Lab  
  106  8:56  Barracks Tech Lab  
  106  9:01  Missile Turret  
  106  9:03  Missile Turret  
  106  9:05  Missile Turret  
  106  9:08  Missile Turret, Marine  
  107  9:10  Missile Turret  
  68  9:26  Marine  
  68  9:27  Marine x10  
  68  9:28  Marine  
  77  9:32  SCV x2  
Tags
 
Add a new tag
Caveats
  • Supply blocks, unpowered buildings, or Contaminate may cause inaccurate times.
  • Supply counts are checked every 10 seconds.